 Dungeon Crawl Stone Soup version 0.25.1-2-g60ff931df9 (webtiles) character file.

Game seed: 6287460663837250706

133 Kaptain the Firebug (level 5, -3/43 HPs)
             Began as a Gargoyle Fire Elementalist on Sept 11, 2020.
             Killed by divine providence
             ... invoked by an orc priest
              (17 damage)
             ... on level 3 of the Dungeon.
             The game lasted 00:07:50 (2589 turns).

Kaptain the Firebug (Gargoyle Fire Elementalist)    Turns: 2589, Time: 00:07:51

Health: -3/43      AC: 22    Str: 11    XL:     5   Next: 16%
Magic:  0/9        EV:  2    Int: 17    God:
Gold:   156        SH:  0    Dex: 10    Spells: 9/10 levels left

rFire    . . .     SeeInvis .   i - +0 short sword
rCold    . . .     Gourm    .   (no shield)
rNeg     + + +     Faith    .   (armour currently unavailable)
rPois    ∞         Spirit   .   (helmet currently unavailable)
rElec    .         Reflect  .   (cloak currently unavailable)
rCorr    .         Harm     .   (gloves currently unavailable)
MR       .....     NoTele   +   (boots currently unavailable)
Stlth    ++........             (no amulet)
HPRegen  0.14/turn              (no ring)
MPRegen  0.11/turn              (no ring)

@: tree-form
A: negative energy resistance 1, petrification resistance, rot immunity, AC +4
a: no special abilities


You were on level 3 of the Dungeon.
You were not hungry.
You were a tree.
You visited 1 branch of the dungeon, and saw 3 of its levels.

You collected 156 gold pieces.

Inventory:

Hand Weapons
 d - a cursed +0 hunting sling
 i - a +0 short sword (weapon)
Missiles
 b - 39 stones (quivered)
Armour
 a - a +0 robe (melded)
 e - a +2 helmet (melded)
Jewellery
 s - an uncursed ring of ice
Scrolls
 g - 4 scrolls of identify {unknown}
 l - 2 scrolls of remove curse {unknown}
 m - a scroll of teleportation
 n - a scroll of blinking {unknown}
 p - a scroll of enchant weapon {unknown}
 q - a scroll of enchant armour {unknown}
Potions
 f - a potion of curing
 k - a potion of heal wounds {unknown}
 o - a potion of degeneration {unknown}
 r - a potion of stabbing {unknown}
Comestibles
 c - 3 rations
 h - 3 chunks of flesh


   Skills:
 + Level 1.5 Fighting
 + Level 1.4 Armour
 - Level 1.5 Dodging
 - Level 2.1 Stealth
 * Level 3.0 Spellcasting
 * Level 2.7 Conjurations
 * Level 3.7 Fire Magic


You had 9 spell levels left.
You knew the following spells:

 Your Spells              Type           Power        Failure   Level  Hunger
a - Foxfire               Conj/Fire      ##..         4%          1    None

Your spell library contained the following spells:

 Spells                   Type           Power        Failure   Level  Hunger
 Conjure Flame            Conj/Fire      ##......     14%         3    ###....
 Inner Flame              Hex/Fire       #.......     24%         3    ###....
 Sticky Flame             Conj/Fire      ##......     43%         4    ####...
 Fireball                 Conj/Fire      ##........   78%         5    ######.


Dungeon Overview and Level Annotations

Branches:
Dungeon (3/15)

Altars:
Xom


Innate Abilities, Weirdness & Mutations

You are resistant to torment.
((Your stone body is resilient. (AC +4)))
You are immune to poison.
You resist negative energy. (rN+)
((You are resistant to electric shocks. (rElec)))
((You can survive without breathing.))
You are immune to petrification.
You are immune to rotting.


Message History

The orc priest mumbles some strange prayers to Beogh against you.
Beogh smites you!
* * * LOW HITPOINT WARNING * * *
You feel better. Something hits you but does no damage.
The orc priest hits you but does no damage.
Casting: Foxfire (safe; 4% risk of failure)
Confirm with . or Enter, or press ? or * to list all spells.
You conjure some foxfire!
Something hits you but does no damage.
The orc priest mumbles some strange prayers to Beogh against you.
Beogh smites you!
* * * LOW HITPOINT WARNING * * *
You feel better.
The foxfire hits something.
Reactivating autopickup.
Your Spellcasting skill increases to level 3!
You have reached level 5!
You feel a bit more experienced.
The foxfire hits the orc priest.
The orc priest is lightly wounded.
The orc priest mumbles some strange prayers to Beogh against you.
Beogh smites you!
You die...

##.#########
###.......##..
#.......#.##.# #
##>......#.##.####.##
##.........[##.#.....#
#................##..#
#.#.......#.##.......o.
#.#..§.o....########.#o
#.##.§♣)##### #.##.##.#
######### #.##.##.#
#.......# #.......#
#.......# ## ####.####
#.......## #. #.#
#.......)# #. ##.##
#........# #. #...#
#........# #^ ##..#
#........###.


You could see an orc priest.

Vanquished Creatures
  An orc wizard (D:3)
  A gnoll (D:1)
  5 adders
  A worm (D:2)
  A leopard gecko (D:2)
  2 orcs (D:3)
  4 giant cockroaches
  8 goblins
  8 hobgoblins
  7 kobolds
  3 bats
  5 frilled lizards
  3 rats
49 creatures vanquished.

Vanquished Creatures (others)
  149 foxfires
149 creatures vanquished.

Grand Total: 198 creatures vanquished

Notes
Turn   | Place    | Note
-------+----------+-------------------------------------------
     0 | D:1      | Kaptain the Gargoyle Fire Elementalist began the quest for
                  | the Orb.
     0 | D:1      | Reached XP level 1. HP: 10/10 MP: 3/3
   353 | D:1      | Reached XP level 2. HP: 15/15 MP: 1/5
   826 | D:1      | Reached XP level 3. HP: 11/20 MP: 1/6
  1508 | D:2      | Reached skill level 1 in Fighting
  1738 | D:2      | Reached skill level 1 in Armour
  2102 | D:2      | Found a shimmering altar of Xom.
  2131 | D:3      | Reached XP level 4. HP: 25/25 MP: 3/7
  2589 | D:3      | Reached XP level 5. HP: 14/29 MP: 0/9
  2589 | D:3      | Killed from afar by an orc priest

Illustrated notes

Levels and vault maps discovered:
D:1:      dpeg_arrival_rhombi, layout_loops_ring
D:2:      layout_loops_cross, lemuel_round_altar, small_statue_intersection
D:3:      layout_loops_cross

Skill      XL: |  1  2  3  4 |
---------------+-------------+-----
Conjurations   | 2 |  2.7
Fighting       | 1 |  1.5
Armour         | 1 |  1.4
Spellcasting   | 3 |  3.0
Dodging        | |  1.5
Stealth        | |  2.1
Fire Magic     | |  3.7

Action                   |  1- 3 |  4- 6 || total
-------------------------+-------+-------++-------
Melee: Unarmed           |     1 |       ||     1
       Dagger            |     9 |       ||     9
       Short sword       |    10 |    17 ||    27
 Cast: Foxfire           |    59 |    25 ||    84
  Use: Scroll            |     3 |       ||     3
       Potion            |       |     5 ||     5
  Eat: Chunk             |     4 |     2 ||     6
Armor: Robe              |    23 |    21 ||    44
       Skin              |       |     4 ||     4
Dodge: Dodged            |    25 |    21 ||    46
